 Dungeon Crawl Stone Soup version 0.28.0-53-g5a82cb258f (webtiles) character file.

Game seed: 8380169566225580149

95671 Zeld the Severer (level 15, -9/155 HPs)
             Began as a Minotaur Berserker on May 23, 2022.
             Was the Champion of Trog.
             Killed from afar by Jorgrun (53 damage)
             ... with an iron shot
             ... on level 14 of the Dungeon.
             The game lasted 00:29:03 (28151 turns).

Zeld the Severer (Minotaur Berserker)              Turns: 28151, Time: 00:29:03

Health: -9/155     AC: 28    Str: 29    XL:     15   Next: 67%
Magic:  14/14      EV:  7    Int:  4    God:    Trog [******]
Gold:   1890       SH:  0    Dex: 10    Spells: 14/14 levels left

rFire   + + .      SeeInvis .   b - +2 battleaxe of Trog's Delight {vorpal, rElec rN+}
rCold   + + .      Faith    .   (shield currently unavailable)
rNeg    + . .      Spirit   .   f - +4 gold dragon scales
rPois   +          Reflect  .   L - +2 hat
rElec   +          Harm     .   E - scarf {rC+ rF+}
rCorr   +          Rampage  .   d - +0 pair of gloves
Will    ++...                   t - +0 pair of boots
Stlth   ..........              z - amulet of regeneration
HPRegen 1.15/turn               F - ring of resist corrosion
MPRegen 0.14/turn               (no ring)

@: grasped by roots, constricted
A: horns 2, retaliatory headbutt, strong-willed 1, mutation resistance 1, noise
suppression
a: Renounce Religion, Berserk, Trog's Hand, Brothers in Arms


You were on level 14 of the Dungeon.
You worshipped Trog.
Trog was exalted by your worship.
You visited 4 branches of the dungeon, and saw 23 of its levels.
You also visited: Ossuary and Volcano.

You collected 3320 gold pieces.
You spent 1430 gold pieces at shops.

Inventory:

Hand Weapons
 a - a +6 vorpal battleaxe
 b - the +2 battleaxe of Trog's Delight (weapon) {vorpal, rElec rN+}
   (Trog gifted it to you on level 7 of the Dungeon)

   It inflicts extra damage upon your enemies.
   rElec:     It insulates you from electricity.
   rN:        It protects you from negative energy.
 M - the +9 mace "Pyfuymmi" {venom, *Slow rPois rN+ Dex+4}
   (You bought it in a shop on level 2 of the Orcish Mines)

   It poisons the flesh of those it strikes.
   Dex:       It affects your dexterity (+4).
   rPois:     It protects you from poison.
   rN:        It protects you from negative energy.
   *Slow:     It may slow you when you take damage.
Armour
 d - a +0 pair of gloves (worn)
 f - +4 gold dragon scales (worn)
 t - a +0 pair of boots (worn)
 E - a scarf of resistance (worn)
 I - a +2 pair of gloves
 L - a +2 hat (worn)
Jewellery
 q - a ring of protection from fire
 y - a ring of poison resistance
 z - an amulet of regeneration (around neck)
 F - a ring of resist corrosion (left hand)
 K - a ring of protection from cold
Wands
 e - a wand of charming (14)
 k - a wand of flame (53)
 p - a wand of paralysis (12)
 B - a wand of mindburst (34)
 G - a wand of iceblast (8)
Scrolls
 h - 4 scrolls of magic mapping
 i - a scroll of holy word {unknown}
 j - 11 scrolls of teleportation
 s - 5 scrolls of blinking
 u - a scroll of silence {unknown}
 w - 3 scrolls of summoning
 C - 2 scrolls of fear
Potions
 c - 3 potions of mutation
 g - 4 potions of might
 l - 5 potions of lignification {unknown}
 m - 5 potions of flight
 n - 4 potions of heal wounds {unknown}
 o - 20 potions of curing
 r - a potion of cancellation {unknown}
 v - a potion of invisibility
 x - a potion of haste {unknown}
 A - 2 potions of attraction {unknown}
 D - a potion of ambrosia {unknown}
 H - 2 potions of resistance {unknown}
 J - 2 potions of magic {unknown}


   Skills:
 * Level 19.6 Fighting
 * Level 19.7 Axes
 + Level 14.0 Armour
 + Level 13.0 Dodging


You had 14 spell levels left.
You didn't know any spells.
Your spell library was empty.

Dungeon Overview and Level Annotations

Branches:
Dungeon (14/15)            Temple (1/1) D:5            Lair (6/6) D:10
 Shoals (0/4) Lair:3        Snake (0/4) Lair:4        Slime (0/5) Lair:5
    Orc (2/2) D:11            Elf (0/3) Orc:2        Vaults (0/5) D:13
Ossuary (visited)         Volcano (visited)

Altars:
Ashenzari
Cheibriados
Dithmenos
Elyvilon
Fedhas
Gozag
Hepliaklqana
Kikubaaqudgha
Makhleb
Nemelex Xobeh
Okawaru
Qazlal
Ru
Sif Muna
Trog
Uskayaw
Vehumet
Wu Jian
Xom
Yredelemnul
Zin
The Shining One
Jiyva

Shops:
D:2 =[[((   Orc:2 !:=(

Portals:
Hell: Lair:6

Annotations:
D:13 3 runed translucent doors, Mebb's ghost, journeyman SpEn
D:14 Jorgrun


Innate Abilities, Weirdness & Mutations

You have a pair of horns on your head.
You reflexively headbutt those who attack you in melee.
You are strong-willed. (Will+)
You are somewhat resistant to further mutation.
You passively dampen the noise of your surroundings.


Message History

No target in view!
No target in view!
No target in view!
You escape the roots' grasp.
Something hits you.
You closely miss something. Your headbutt misses something.
You hear some strange, mumbled words.
Something tries to affect you, but you resist.
You miss something. You headbutt something. Something hits you!
You hit something but do no damage. You hit something.
Your headbutt misses something. Something hits you.
You hit something but do no damage. You headbutt something!
You hear some strange, mumbled words.
Roots burst forth from the earth!
The grasping roots grab you!
You are constricted.
Unknown command.
You miss something. Something hits you but does no damage.
You are constricted!
Unknown command.
You slice something!! You headbutt something!!
Unknown command.
You barely miss something. Your headbutt misses something.
You hear some strange, mumbled words.
Something tries to affect you, but you resist.
You are constricted.
You miss something. Your headbutt misses something.
Something hits you but does no damage. Something shatters you!
You are constricted!
You closely miss something. You headbutt something.
You hear some strange, mumbled words.
An iron shot appears from out of thin air!
The iron shot hits you!!!
You are constricted!
You slice something!! You miss something. Your headbutt misses something.
Something hits you but does no damage.
You are constricted!
* * * LOW HITPOINT WARNING * * *
You barely miss something. Your headbutt misses something.
You hear some strange, mumbled words.
An iron shot appears from out of thin air!
The iron shot hits you!!!
You die...

##################
######>................
#............##########
#..............).......
#............##...(####
#............##....#
#....{.......##########
#.....@................
#......................
#...(..................
#############..........
#####....#..........
#...................
#.###..........)....
#.# #...............
#.###...............


There were no monsters in sight!

Vanquished Creatures
  A frost giant (D:13)
  Azrael (D:14)
  The ghost of reversiblehash the Protected, a journeyman GnFi of Gozag (Lair:3)
  A dire elephant (Lair:6)
  2 ettins
  Snorg (Lair:3)
  2 fire dragons
  Fannar (Lair:2)
  2 catoblepae
  The ghost of pkoi the Zephyrmancer, a journeyman DgAE (Lair:1)
  Erolcha (D:10)
  An ogre mage (D:13)
  3 boulder beetles
  2 centaur warriors
  A death knight (D:7)
  10 hydras
  3 dancing weapons
  2 two-headed ogres
  3 orc high priests (Orc:2)
  A titan zombie (D:13)
  A death yak (Lair:6)
  3 sun demons (Volcano)
  A sixfirhy (Lair:6)
  A skeletal warrior (D:13)
  5 orc knights
  The ghost of SuperSeabass the Zephyrmancer, a novice TeAE of Vehumet (D:7)
  A wizard (Lair:6)
  5 deep elf pyromancers
  A lindwurm (Lair:1)
  The ghost of firemarshallily the Slasher, a novice DsGl of Trog (D:6)
  2 stone giant zombies (D:13)
  5 orc sorcerers
  2 ugly things
  17 cyclopes
  5 elephants
  A manticore (D:12)
  A merfolk siren (Lair:3)
  5 black mambas
  2 smoke demons
  15 cane toads
  2 gargoyles
  Maggie (D:6)
  4 rime drakes
  An unseen horror (D:10)
  2 efreet
  14 komodo dragons
  A kobold demonologist (D:11)
  An ice devil (Lair:6)
  A tengu conjurer (D:9)
  7 polar bears
  6 trolls
  2 hornets
  6 blink frogs
  13 dream sheep (Lair:6)
  5 wraiths
  5 vampires
  A shadow (D:12)
  33 yaks
  5 basilisks
  2 steam dragons (Volcano)
  5 wyverns
  A fire elemental (D:14)
  17 vampire mosquitoes
  Edmund (D:4)
  6 wargs
  2 nagas (Lair:4)
  14 water moccasins
  2 acid dragons
  12 hell hounds
  An ice beast (D:6)
  4 sky beasts
  A black bear (D:8)
  A necrophage (D:5)
  14 ogres
  27 orc warriors
  4 centaurs
  12 wolves
  3 kobold brigands
  16 bullfrogs
  2 wyvern zombies
  A cyclops zombie (D:13)
  7 water moccasin zombies (Ossuary)
  2 scorpions
  11 killer bees
  10 wights
  8 electric eels
  A howler monkey (D:9)
  5 centaur zombies
  22 orc priests
  2 jellies
  2 gnoll shamans
  23 orc wizards
  A hound skeleton (D:4)
  2 mummies (Ossuary)
  Robin (D:4)
  A howler monkey zombie (D:7)
  17 gnolls
  A howler monkey skeleton (D:7)
  3 adders
  An adder skeleton (D:4)
  4 adder zombies (Ossuary)
  2 worms
  3 dart slugs (D:1)
  53 orcs
  10 ball pythons
  6 bats
  5 endoplasms
  3 giant cockroaches
  5 gnoll zombies (Ossuary)
  16 goblins
  15 hobgoblins
  2 jackals (D:1)
  18 kobolds
  3 quokkas
  3 frilled lizards (D:1)
  2 goblin zombies (D:4)
  5 hobgoblin zombies (Ossuary)
  5 kobold zombies (Ossuary)
  4 orc zombies (Ossuary)
  5 rats
662 creatures vanquished.

Vanquished Creatures (collateral kills)
  Nessos (Lair:6)
  A hydra (D:11)
  A sun demon (Volcano)
  A smoke demon (Volcano)
  4 ice devils (Lair:6)
  4 slime creatures (D:12)
  2 hell hounds (Lair:6)
14 creatures vanquished.

Vanquished Creatures (others)
  A steam dragon (Volcano)
  An orc priest (Orc:2)
  21 fungi
  45 plants
  8 toadstools (Lair:1)
76 creatures vanquished.

Grand Total: 752 creatures vanquished

Notes
Turn   | Place    | Note
-------+----------+-------------------------------------------
     0 | D:1      | Zeld the Minotaur Berserker began the quest for the Orb.
     0 | D:1      | Reached XP level 1. HP: 19/19 MP: 0/0
   131 | D:1      | Reached XP level 2. HP: 25/27 MP: 1/1
   581 | D:1      | Reached XP level 3. HP: 27/33 MP: 2/2
  1042 | D:2      | Found Pivukoic's Jewellery Shoppe.
  1294 | D:2      | Reached ** piety under Trog
  1390 | D:2      | Found Icyara's Armour Boutique.
  1402 | D:2      | Found Furavy's Armour Shoppe.
  1418 | D:2      | Found Xicivab's Antique Weapon Shoppe.
  1503 | D:2      | Reached XP level 4. HP: 41/41 MP: 3/3
  1505 | D:2      | Found Rygouk's Weapon Boutique.
  2007 | D:3      | Reached skill level 5 in Fighting
  2010 | D:3      | Reached XP level 5. HP: 28/48 MP: 4/4
  2373 | D:4      | Noticed Robin
  2379 | D:4      | Reached skill level 5 in Axes
  2381 | D:4      | Killed Robin
  2396 | D:4      | Noticed a sky beast
  2401 | D:4      | Reached *** piety under Trog
  2433 | D:3      | Killed a sky beast
  2434 | D:3      | Reached XP level 6. HP: 18/56 MP: 5/5
  2872 | D:4      | Noticed Edmund
  2890 | D:4      | Found a sand-covered staircase.
  2897 | Ossuary  | Entered an ossuary
  3068 | Ossuary  | Reached XP level 7. HP: 58/64 MP: 6/6
  3240 | Ossuary  | Reached **** piety under Trog
  3467 | D:4      | Killed Edmund
  3468 | D:4      | Reached skill level 5 in Armour
  3563 | D:4      | Reached XP level 8. HP: 41/67 MP: 7/7
  3572 | D:4      | Identified the +9 mace of Vawnariym {protect, rC+}
  4053 | D:5      | Entered Level 5 of the Dungeon
  4437 | D:5      | Reached skill level 5 in Dodging
  4854 | D:5      | Found a staircase to the Ecumenical Temple.
  4935 | D:2      | Bought a runed broad axe for 210 gold pieces
  5083 | Temple   | Entered the Ecumenical Temple
  6204 | D:5      | HP: 3/112 [electric eel/bolt of electricity (12)]
  6211 | D:5      | HP: 5/115 [electric eel/bolt of electricity (1)]
  6636 | D:6      | Noticed a troll
  6645 | D:6      | Killed a troll
  6646 | D:6      | Reached XP level 9. HP: 36/83 MP: 8/8
  6934 | D:6      | You fall into a shaft and drop 2 floors!
  7114 | D:7      | Noticed a death knight
  7310 | D:8      | Found a shimmering altar of Xom.
  7431 | D:6      | Noticed Maggie
  7439 | D:6      | Killed Maggie
  7514 | D:6      | Found a runed translucent door.
  7515 | D:6      | Found a shimmering altar of Xom.
  7515 | D:6      | Noticed firemarshallily's ghost (novice DsGl)
  7516 | D:6      | Noticed a +2 short sword of chaos
  7693 | D:6      | Reached skill level 10 in Fighting
  7770 | D:5      | Reached skill level 10 in Axes
  8170 | D:7      | Found a transporter.
  8170 | D:7      | Noticed SuperSeabass's ghost (novice TeAE)
  8174 | D:7      | Identified the +12 giant club "Metemnem" {freeze, Will++}
  8182 | D:7      | Found a transporter.
  8429 | D:8      | Reached XP level 10. HP: 89/94 MP: 9/9
  9027 | D:9      | Reached ***** piety under Trog
  9099 | D:9      | Noticed a purple ugly thing
  9107 | D:9      | Killed a purple ugly thing
  9214 | D:9      | Noticed a deep elf pyromancer
  9216 | D:9      | Noticed a fire dragon
  9225 | D:9      | Killed a deep elf pyromancer
  9627 | D:9      | Noticed a centaur warrior
  9638 | D:9      | Killed a centaur warrior
  9831 | D:9      | Noticed a catoblepas
  9844 | D:9      | Killed a catoblepas
  9845 | D:9      | Reached XP level 11. HP: 104/104 MP: 10/10
  9884 | D:9      | Killed a fire dragon
  9898 | D:9      | Identified the ring of Olyttin {Int+2 Dex+6}
 10289 | D:10     | Entered Level 10 of the Dungeon
 10289 | D:10     | Found a staircase to the Lair.
 10453 | D:10     | Identified the +8 flail of Charity {protect, rPois rN+}
 10540 | D:10     | Found a shimmering blue altar of Sif Muna.
 10604 | D:10     | Noticed Erolcha
 10612 | D:10     | Killed Erolcha
 10939 | D:11     | Noticed a sun demon
 11137 | D:11     | Noticed a four-headed hydra
 11144 | D:11     | Killed a four-headed hydra
 11350 | D:11     | Found a staircase to the Orcish Mines.
 11532 | D:11     | Noticed a green ugly thing
 11541 | D:11     | Killed a green ugly thing
 11882 | D:12     | Noticed a two-headed ogre
 11925 | D:12     | Noticed a deep elf pyromancer
 11940 | D:12     | Killed a deep elf pyromancer
 11941 | D:12     | Reached XP level 12. HP: 80/117 MP: 11/11
 11999 | D:12     | Reached skill level 10 in Armour
 12163 | D:12     | Killed a two-headed ogre
 12206 | D:12     | Received a gift from Trog
 12389 | D:12     | Noticed a boulder beetle
 12390 | D:12     | Noticed a four-headed hydra
 12400 | D:12     | Killed a four-headed hydra
 12407 | D:12     | Killed a boulder beetle
 12522 | D:12     | Found a radiant altar of Vehumet.
 12685 | D:12     | Noticed a boulder beetle
 12702 | D:12     | Killed a boulder beetle
 12867 | D:13     | Reached skill level 15 in Axes
 12986 | D:13     | Reached skill level 15 in Fighting
 13005 | D:13     | Found a gate to the Vaults.
 13014 | D:13     | Found a runed translucent gate.
 13014 | D:13     | Found a runed translucent gate.
 13014 | D:13     | Found a runed translucent gate.
 13018 | D:13     | Found an ancient bone altar of Kikubaaqudgha.
 13018 | D:13     | Noticed a lich
 13018 | D:13     | Noticed a lich
 13018 | D:13     | Noticed a lich
 13018 | D:13     | Noticed a lich
 13019 | D:13     | Noticed Mebb's ghost (journeyman SpEn)
 13050 | D:13     | Noticed a two-headed ogre
 13056 | D:13     | Killed a two-headed ogre
 13057 | D:13     | Reached skill level 10 in Dodging
 13398 | D:13     | Noticed a death knight
 13765 | Lair:1   | Entered Level 1 of the Lair of Beasts
 13910 | Lair:1   | Noticed a four-headed hydra
 13917 | Lair:1   | Killed a four-headed hydra
 13918 | Lair:1   | Reached XP level 13. HP: 107/127 MP: 12/12
 14620 | Lair:1   | Found a runed translucent door.
 14720 | Lair:1   | Found a runed translucent door.
 14728 | Lair:1   | Noticed pkoi's ghost (journeyman DgAE)
 15217 | Lair:1   | Killed pkoi's ghost
 15700 | Lair:2   | Noticed Fannar
 15721 | Lair:2   | Killed Fannar
 16266 | Lair:3   | Noticed Snorg
 16280 | Lair:3   | Killed Snorg
 16634 | Lair:3   | Found a transporter.
 16638 | Lair:3   | Noticed reversiblehash's ghost (journeyman GnFi)
 16910 | Lair:3   | Found a transporter.
 17006 | Lair:3   | Found a staircase to the Shoals.
 17557 | Lair:4   | Found a staircase to the Snake Pit.
 17921 | Lair:4   | You fall into a shaft and drop 1 floor!
 18060 | Lair:5   | Found a viscous altar of Jiyva.
 18061 | Lair:5   | Found a staircase to the Slime Pits.
 18368 | Lair:5   | Reached XP level 14. HP: 113/140 MP: 13/13
 19115 | Lair:6   | Entered Level 6 of the Lair of Beasts
 19519 | Lair:3   | Killed reversiblehash's ghost
 19577 | Lair:3   | Received a gift from Trog
 19597 | Lair:3   | Identified the +11 lajatang "Winwiut" {vorpal, Will+ Str+7}
 19847 | Lair:6   | Noticed Nessos
 20419 | Lair:6   | Killed Nessos
 21033 | Lair:6   | Found a burning altar of Makhleb.
 21238 | Lair:6   | Found a gateway to Hell.
 21245 | Lair:6   | Identified the +12 broad axe of the Sea {flame, Int+5}
 22246 | Lair:1   | Identified the +4 mace "Taliogaa" {venom, rF+}
 22421 | D:6      | Killed firemarshallily's ghost
 22643 | D:7      | Identified the +2 battleaxe of Trog's Delight {vorpal,
                  | rElec rN+} (Trog gifted it to you on level 7 of the
                  | Dungeon)
 22643 | D:7      | Received a gift from Trog
 23036 | D:7      | Killed SuperSeabass's ghost
 23380 | Orc:1    | Entered Level 1 of the Orcish Mines
 23680 | Orc:1    | Found a dark tunnel.
 23766 | Orc:1    | Received a gift from Trog
 23823 | Volcano  | Entered a volcano
 23894 | Volcano  | Reached XP level 15. HP: 79/150 MP: 14/14
 24523 | Orc:2    | Entered Level 2 of the Orcish Mines
 24612 | Orc:2    | Found a staircase to the Elven Halls.
 24698 | Orc:2    | Gained mutation: You are somewhat resistant to further
                  | mutation. [potion of mutation]
 24698 | Orc:2    | Gained mutation: You passively dampen the noise of your
                  | surroundings. [potion of mutation]
 24698 | Orc:2    | Gained mutation: You are strong-willed. (Will+) [potion of
                  | mutation]
 25039 | Orc:2    | Found Gicisedgh's Antique Weapon Boutique.
 25800 | Orc:2    | Found Hasity's Distillery.
 25826 | Orc:2    | Found Poerotzoduc's Jewellery Shoppe.
 25826 | Orc:2    | Found Dotrogh's Book Shoppe.
 25834 | Orc:2    | Bought a potion of invisibility for 120 gold pieces
 25834 | Orc:2    | Bought a potion of might for 60 gold pieces
 25834 | Orc:2    | Bought 2 potions of curing for 90 gold pieces
 25834 | Orc:2    | Bought 2 potions of berserk rage for 150 gold pieces
 25834 | Orc:2    | Bought a potion of curing for 45 gold pieces
 25834 | Orc:2    | Bought a potion of curing for 45 gold pieces
 25834 | Orc:2    | Bought a potion of flight for 45 gold pieces
 25845 | Orc:2    | Bought a ring of protection from cold for 425 gold pieces
 26058 | Orc:2    | Bought a jewelled mace for 240 gold pieces
 26058 | Orc:2    | Identified the +9 mace "Pyfuymmi" {venom, *Slow rPois rN+
                  | Dex+4} (You bought it in a shop on level 2 of the Orcish
                  | Mines)
 26492 | D:13     | Identified the +6 lajatang of Supply {vorpal, rF- rN++
                  | Int+4 Stlth+}
 26514 | D:13     | Reached ****** piety under Trog
 26521 | D:13     | Identified the +4 halberd "Besoes" {antimagic, Fly rN+
                  | rCorr}
 26525 | D:13     | Identified the +8 trident "Beetleslayer" {drain, rC+}
 26529 | D:13     | Identified the +5 dagger of Kismet {vorpal, rF+ rC+}
 26563 | D:13     | Noticed a frost giant
 26577 | D:13     | Killed a frost giant
 27184 | D:14     | Noticed Azrael
 27216 | D:14     | Killed Azrael
 28067 | D:14     | Found a bloodstained altar of Trog.
 28133 | D:14     | Noticed Jorgrun
 28151 | D:14     | Killed from afar by Jorgrun

Illustrated notes

Levels and vault maps discovered:
D:1:      mrwooster_arrival_statue, layout_loops_cross, st_stairs_9
D:2:      layout_loops_ring, serial_shops, shop_statue, nicolae_shop_trees,
          nicolae_shop_behind_doors, shop, shop, roderic_serpentine_path
D:3:      layout_rooms
D:4:      layout_rooms, enter_ossuary_4, uniq_robin, uniq_edmund
D:5:      cheibrodos_two_vegetables, layout_loops_corners,
          minmay_temple_entry_statues_pillars
D:6:      layout_rooms, ebering_ghost_xom, patterned_corridor, uniq_maggie
D:7:      layout_rooms, gammafunk_ghost_smash, fountainhead
D:8:      layout_gridville, mainiacjoe_overflow_alcove_2
D:9:      layout_roguey, minmay_evil_grid
D:10:     layout_rooms, mainiacjoe_overflow_paths, erik_lair_orcish_takeover,
          uniq_erolcha
D:11:     layout_cave_pods, orc_0_dummy
D:12:     layout_roguey, nicolae_vehumet_altar_sigil
D:13:     giant_chief_lemuel, layout_rooms, erik_vaults_1, gammafunk_ghost_crypt
D:14:     layout_basic, trog_three_pillars_becter, grunt_decor_mini_mirrors,
          chequers_serial_rivers_marsh, uniq_azrael, uniq_jorgrun
Temple:   mainiacjoe_temple_cubbyholes
Lair:1:   gammafunk_lair_enchanted_lake, layout_layer_cave,
          ebering_ghost_inner_flame, serial_bayou_pond_d,
          cheibrodos_lair_lostbears
Lair:2:   layout_regular_city, lemuel_fruit_tree, uniq_fannar
Lair:3:   layout_regular_city, minmay_shoals_entry_lonely_mermaid,
          gammafunk_ghost_arena, beast_lair_carwin_4, grunt_megastairs_4,
          uniq_snorg
Lair:4:   layout_roguey, guppyfry_snake_entry_island, minmay_stone_trees_large,
          serial_bayou_lake_a
Lair:5:   layout_long_grid, slime_altar_1, infiniplex_staircase_pool
Lair:6:   evil_forest, layout_cave_shapes, nicolae_quartered_pool_little,
          grunt_megastairs_3, uniq_nessos
Orc:1:    minmay_goldmine, layout_diamond_mine, nicolae_volcano_entry_two_sided
Orc:2:    st_orc_elflike, layout_diamond_mine, nicolae_orc_tapped_out

Skill      XL: |  1  2  3  4  5  6  7  8  9 10 11 12 13 14 15 |
---------------+----------------------------------------------+-----
Fighting       | 4 5 6 7 9 10 12 14 15 17 18 19 | 19.6
Axes           | 4 5 6 7 9 10 12 14 15 17 18 19 | 19.7
Armour         | 3 4 5 6 7 8 9 11 12 13 14 | 14.0
Dodging        | 3 4 5 6 7 9 10 11 12 13 | 13.0

Action                   |  1- 3 |  4- 6 |  7- 9 | 10-12 | 13-15 || total
-------------------------+-------+-------+-------+-------+-------++-------
Melee: Hand axe          |    87 |   158 |   116 |       |       ||   361
       Headbutt          |    10 |    22 |    45 |   112 |   270 ||   459
       Punch             |     1 |     2 |     4 |     9 |     8 ||    24
       Mace              |       |       |   202 |   209 |       ||   411
       Flail             |       |       |       |   329 |   789 ||  1118
       Battleaxe         |       |       |       |       |   419 ||   419
Invok: Berserk           |       |       |     3 |     2 |     3 ||     8
       Trog's Hand       |       |       |     1 |       |       ||     1
       Brothers in Arms  |       |       |       |     3 |     3 ||     6
  Use: Scroll            |       |       |       |    11 |    13 ||    24
       Potion            |       |       |       |       |     1 ||     1
 Stab: Sleeping          |     1 |       |       |       |       ||     1
Armor: Animal skin       |     8 |       |       |       |       ||     8
       Plate armour      |    26 |   138 |   243 |   108 |       ||   515
       Gold dragon scale |       |       |       |   364 |   859 ||  1223
Dodge: Dodged            |    53 |    53 |   133 |   211 |   483 ||   933
